 Dungeon Crawl Stone Soup version 0.26-a0-638-gcca6ad1b57 (webtiles) character file.

Game seed: 7044570287444628776

56 DogServant the Bolt Thrower (level 4, -1/34 HPs)
             Began as a Formicid Hunter on Sept 14, 2020.
             Killed by divine providence
             ... invoked by an orc priest
              (8 damage)
             ... on level 2 of the Dungeon.
             The game lasted 00:02:34 (2215 turns).

DogServant the Bolt Thrower (Formicid Hunter)       Turns: 2215, Time: 00:02:34

Health: -1/34      AC:  3    Str: 17    XL:     4   Next: 17%
Magic:  4/4        EV: 12    Int: 11    God:
Gold:   66         SH:  0    Dex: 11    Spells: 3/3 levels left

rFire    . . .     SeeInvis +   b - +0 short sword
rCold    . . .     Faith    .   (no shield)
rNeg     . . .     Spirit   .   c - +0 leather armour
rPois    .         Reflect  .   (helmet unavailable)
rElec    .         Harm     .   (no cloak)
rCorr    .         Rampage  .   (no gloves)
MR       .....                  (no boots)
Stlth    +.........             (no amulet)
HPRegen  0.11/turn              (no ring)
MPRegen  0.09/turn              (no ring)

@: no status effects
A: permanent stasis, dig shafts and tunnels, four strong arms, antennae 3
a: Dig, Shaft Self


You were on level 2 of the Dungeon.
You visited 1 branch of the dungeon, and saw 2 of its levels.

You collected 66 gold pieces.

Inventory:

Hand Weapons
 a - a +1 hand crossbow
 b - a +0 short sword (weapon)
Missiles
 d - 20 bolts
Armour
 c - a +0 leather armour (worn)
Jewellery
 l - a +4 ring of protection {unknown}
Scrolls
 g - 2 scrolls of identify {unknown}
 h - 2 scrolls of remove curse {unknown}
 k - 2 scrolls of enchant weapon {unknown}
Potions
 e - a potion of heal wounds {unknown}
 f - a potion of mutation {unknown}
 i - a potion of might {unknown}
 j - 3 potions of curing {unknown}


   Skills:
 + Level 2.8 Fighting
 + Level 1.2 Short Blades
 * Level 4.9 Crossbows
 - Level 1.8 Dodging
 - Level 1.2 Stealth


You had 3 spell levels left.
You didn't know any spells.
Your spell library was empty.

Dungeon Overview and Level Annotations

Branches:
Dungeon (2/15)

Altars:


Innate Abilities, Weirdness & Mutations

You cannot be hasted, slowed, berserked, paralysed or teleported.
You can dig through walls and to a lower floor.
Your four strong arms can wield two-handed weapons with a shield.
You have a pair of large antennae on your head. (SInv)


Message History

The orc priest hits you with a +0 whip. The orc misses you.
You see here a +0 hand axe.
You hit the orc but do no damage. The orc priest hits you with a +0 whip!
The orc misses you.
You puncture the orc!
You kill the orc!
The orc priest hits you with a +0 whip.
The orc priest calls down the wrath of Beogh upon you.
You barely resist.
Things that are here:
a +0 whip; an orc corpse The orc priest hits you with a +0 whip.
The orc priest misses you.
The orc priest hits you but does no damage.
The orc priest invokes the aid of Beogh against you.
Beogh smites you!
* * * LOW HITPOINT WARNING * * *
The orc priest calls down the wrath of Beogh upon you.
Beogh smites you!
You die...

........#...†..###.##
#.#
....................#
#.#
.......#............#
#.#
.......#........^...##
.#
.......############..#
######## ######.#
#...)..## #....)..#
#.@o....# #.........#
########?.# .>...
#####


You could see an orc priest.

Vanquished Creatures
  An ooze (D:1)
  3 worms (D:2)
  A dart slug (D:1)
  3 leopard geckos
  2 orcs (D:2)
  4 bats
  3 giant cockroaches
  4 goblins
  4 hobgoblins (D:1)
  4 frilled lizards
  2 kobolds
  5 rats (D:1)
36 creatures vanquished.

Notes
Turn   | Place    | Note
-------+----------+-------------------------------------------
     0 | D:1      | DogServant the Formicid Hunter began the quest for the Orb.
     0 | D:1      | Reached XP level 1. HP: 16/16 MP: 1/1
    32 | D:1      | Reached XP level 2. HP: 22/22 MP: 2/2
   736 | D:1      | Reached XP level 3. HP: 16/28 MP: 3/3
  1748 | D:2      | Reached skill level 1 in Short Blades
  1956 | D:2      | Reached XP level 4. HP: 33/34 MP: 4/4
  2215 | D:2      | Killed from afar by an orc priest

Illustrated notes

Levels and vault maps discovered:
D:1:      onia_arrival_handbag, layout_basic, chequers_serial_rivers_small_a
D:2:      layout_basic

Skill      XL: |  1  2  3 |
---------------+----------+-----
Short Blades   | 1 |  1.2
Fighting       | |  2.8
Crossbows      | |  4.9
Dodging        | |  1.8
Stealth        | |  1.2

Action                   |  1- 3 |  4- 6 || total
-------------------------+-------+-------++-------
Melee: Short sword       |   126 |    21 ||   147
 Fire: Hand crossbow     |     4 |       ||     4
 Stab: Sleeping          |     2 |       ||     2
Armor: Leather armour    |    22 |    11 ||    33
Dodge: Dodged            |    79 |    22 ||   101

Table legend: (Time is in decaauts)
 A = Elapsed time spent in this place.
 B = Non-inter-level travel time spent in this place.
 C = Inter-level travel time spent in this place.
 D = Time resting spent in this place.
 E = Time spent auto-exploring this place.
 F = Levels seen in this place.
 G = Mean time per level.
                   A        B        C        D        E       F      G
               +--------+--------+--------+--------+--------+-----+--------+
         Total |   2226 |   2221 |      5 |    309 |   1596 |   2 | 1113.0 |
       Dungeon |   2226 |   2221 |      5 |    309 |   1596 |   2 | 1113.0 |
               +--------+--------+--------+--------+--------+-----+--------+

Top non-repeatable levels by time:
     D:1: 1638 daAuts
     D:2: 588 daAuts
